 Dungeon Crawl Stone Soup version 0.28-a0-1002-gf00fe891ef (webtiles) character file.

Game seed: 17867577979182925734

9 ytrimaz the Insei (level 2, 16/18 HPs)
             Began as an Octopode Transmuter on Dec 6, 2021.
             Was a Follower of Zin.
             Quit the game on level 1 of the Dungeon.
             The game lasted 00:00:53 (651 turns).

ytrimaz the Insei (Octopode Transmuter)              Turns: 651, Time: 00:00:54

Health: 16/18      AC:  1    Str:  9    XL:     2   Next: 12%
Magic:  5/5        EV: 13    Int: 15    God:    Zin [*.....]
Gold:   0          SH:  0    Dex: 12    Spells: 4/5 levels left

rFire   . . .      SeeInvis .     - Unarmed
rCold   . . .      Faith    .   (no shield)
rNeg    . . .      Spirit   .   (helmet restricted)
rPois   .          Reflect  .   (no amulet)
rElec   .          Harm     .   (no ring)
rCorr   .          Rampage  .   (no ring)
Will    .....                   (no ring)
Stlth   ++........              (no ring)
HPRegen 0.06/turn               (no ring)
MPRegen 0.09/turn               (no ring)
                                (no ring)
                                (no ring)

@: no status effects
A: almost no armour, amphibious, 8 rings, camouflage 1, gelatinous body 1,
(nimble swimmer 1), tentacles
a: Renounce Religion, Recite, Donate Gold


You were on level 1 of the Dungeon.
You worshipped Zin.
Zin was aware of your devotion.
You visited 1 branch of the dungeon, and saw 1 of its levels.

You aren't carrying anything.


   Skills:
 * Level 1.2 Fighting
 - Level 2.0 Dodging
 + Level 3.2 Unarmed Combat
 * Level 2.1 Spellcasting
 * Level 2.1 Transmutations


You had 4 spell levels left.
You knew the following spells:

 Your Spells              Type           Power      Damage    Failure   Level
a - Beastly Appendage     Tmut           16%        N/A       9%          1

Your spell library contained the following spells:

 Spells                   Type           Power      Damage    Failure   Level
 Wereblood                Tmut           8%         N/A       14%         2
 Spider Form              Tmut/Pois      4%         N/A       38%         3
 Ice Form                 Ice/Tmut       4%         N/A       80%         4


Dungeon Overview and Level Annotations

Branches:
Dungeon (1/15)

Altars:
Zin


Innate Abilities, Weirdness & Mutations

You cannot wear most types of armour.
You are amphibious.
You can wear up to eight rings at the same time.
Your skin changes colour to match your surroundings (Stealth+).
Your rubbery body absorbs attacks. (AC +1, EV +1)
((You are camouflaged near water. (Stealth+)))
You have tentacles for arms and can constrict up to eight enemies at once.


Message History

A ball python is nearby!
A ball python is nearby!
A ball python is nearby!
One of your tentacles grows a vicious spike.
The ball python hisses angrily.
You closely miss the ball python. Your grab misses the ball python.
You pierce the ball python.
You kill the ball python!
You see here a ball python corpse.
Your transformation is almost over.
Your tentacle spike disappears.
Found a faded altar of an unknown god.
The eye of devastation turns its gaze towards you.
The eye of devastation turns its gaze towards you.
A goblin comes into view. It is wielding a +0 club.
The eye of devastation turns its gaze towards you.
The eye of devastation pulsates ominously.
A goblin is nearby!
A goblin is nearby!
The goblin shouts!
The shining eye turns its gaze towards you.
You closely miss the goblin. Your grab misses the goblin.
The goblin hits you but does no damage.
You closely miss the goblin. You grab the goblin. You constrict the goblin.
The goblin hits you with a +0 club.
You barely miss the goblin.
The goblin is moderately wounded.
You constrict the goblin. You tentacle-slap the goblin.
You squeeze the goblin, but do no damage.
The goblin is severely wounded.
You constrict the goblin.
You kill the goblin!
There is a faded altar of an unknown god here.
You see here a +0 club.
You cannot tell which god this altar belongs to.
Convert to them anyway?
Zin accepts your prayer! Zin welcomes you!
You can now donate money to Zin.
You can now recite Zin's Axioms of Law.
Are you sure you want to abandon this character and quit the game? (Confirm with "yes".)

....... ..... ..
..... ...
###...### .
....#G#...#G#...
...###...###...
###.............
........@.......
##$............
#.###...###..#
###.#G#...#G# .#
....###...###...
................
#####.#.#....#..
..####.#.#.####
...........# #.
#.# #


You could see a shining eye and 3 eyes of devastation.

Vanquished Creatures
  A goblin (D:1)
  A hobgoblin (D:1)
  2 quokkas (D:1)
  3 ball pythons (D:1)
  A bat (D:1)
  A rat (D:1)
9 creatures vanquished.

Vanquished Creatures (others)
  4 toadstools (D:1)
4 creatures vanquished.

Grand Total: 13 creatures vanquished

Notes
Turn   | Place    | Note
-------+----------+-------------------------------------------
     0 | D:1      | ytrimaz the Octopode Transmuter began the quest for the
                  | Orb.
     0 | D:1      | Reached XP level 1. HP: 13/13 MP: 3/3
   510 | D:1      | Reached XP level 2. HP: 18/18 MP: 3/5
   638 | D:1      | Found a faded altar of an unknown god.
   639 | D:1      | Noticed an eye of devastation
   640 | D:1      | Noticed an eye of devastation
   641 | D:1      | Noticed an eye of devastation
   641 | D:1      | Noticed a shining eye
   650 | D:1      | Prayed at the altar of an unknown god.
   650 | D:1      | Became a worshipper of Zin the Law-Giver
   650 | D:1      | Reached * piety under Zin
   651 | D:1      | Quit the game

Illustrated notes

Levels and vault maps discovered:
D:1:      ldierk_walled_garden_2, layout_basic,
          hellmonk_ecumenical_altar_watching_god

Action                   || total
-------------------------++-------
Melee: Unarmed           ||    19
       Constrict         ||     6
       Tentacles         ||     6
       Kick              ||     2
       Punch             ||     1
 Cast: Beastly Appendage ||     4
  Use: Scroll            ||     1
 Stab: Sleeping          ||     1
Armor: Skin              ||     2
Dodge: Dodged            ||    13

Table legend: (Time is in decaauts)
 A = Elapsed time spent in this place.
 B = Non-inter-level travel time spent in this place.
 C = Inter-level travel time spent in this place.
 D = Time resting spent in this place.
 E = Time spent auto-exploring this place.
 F = Levels seen in this place.
 G = Mean time per level.
                   A        B        C        D        E       F      G
               +--------+--------+--------+--------+--------+-----+--------+
         Total |    649 |    645 |      4 |    314 |    239 |   1 |  649.0 |
       Dungeon |    649 |    645 |      4 |    314 |    239 |   1 |  649.0 |
               +--------+--------+--------+--------+--------+-----+--------+

Top non-repeatable levels by time:
     D:1: 649 daAuts
